 Dungeon Sprint DCSS version 0.27-a0-1359-ga2a4dfd6fd (webtiles) character file.

Game seed: 15504238197474546844

12551 mhtbhm the Sorcerer (level 11, -12/54 HPs)
             Began as a Deep Elf Earth Elementalist on June 28, 2021.
             Was the Champion of Vehumet.
             Mangled by a shadow wraith (20 damage)
             ... in the Dungeon (Sprint VII: "The Pits").
             The game lasted 00:06:47 (2375 turns).

mhtbhm the Sorcerer (Deep Elf Earth Elementalist)   Turns: 2375, Time: 00:06:48

Health: -12/54     AC: 12    Str:  5      XL:     11   Next: 63%
Magic:  0/40       EV: 13    Int: 23 (24) God:    Vehumet [******]
Gold:   57         SH:  0    Dex: 17 (20) Spells: 33/56 levels left

rFire    . . .     SeeInvis .   a - +7 battleaxe "Kigho" {flame, Drain rC++ Dex+5}
rCold    + + +     Faith    .   (shield currently unavailable)
rNeg     . . .     Spirit   .   b - +1 robe {rC+}
rPois    .         Reflect  .   (no helmet)
rElec    .         Harm     .   u - +2 cloak
rCorr    .         Rampage  .   (no gloves)
Will     +....     NoTele   +   (no boots)
Stlth    +++.......             (no amulet)
HPRegen  0.18/turn              m - +3 ring of protection
MPRegen  0.27/turn              n - +3 ring of protection

@: no status effects
A: no striking features
a: Renounce Religion


You were in the Dungeon.
You worshipped Vehumet.
Vehumet was exalted by your worship.
You visited 1 branch You collected 57 gold pieces.

Inventory:

Hand Weapons
 a - the +7 battleaxe "Kigho" (weapon) {flame, Drain rC++ Dex+5}
   (You found it in the Dungeon)

   It has been specially enchanted to burn those struck by it, causing extra
   injury to most foes and up to half again as much damage against particularly
   susceptible opponents.
   Big, fiery blades are also staple armaments of hydra-hunters.
   Dex:       It affects your dexterity (+5).
   rC:        It greatly protects you from cold.
   Drain:     It drains your maximum health when unequipped.
Missiles
 i - 29 stones
Armour
 b - a +1 robe of cold resistance (worn)
 u - a +2 cloak (worn)
Jewellery
 m - a +3 ring of protection (left hand)
 n - a +3 ring of protection (right hand)
 y - a ring of ice
Wands
 s - a wand of polymorph (3)
Scrolls
 j - 5 scrolls of amnesia
 k - a scroll of summoning
 r - 5 scrolls of fog
 v - 2 scrolls of enchant weapon
 w - 3 scrolls of identify
 x - 2 scrolls of enchant armour
Potions
 c - 11 potions of curing
 d - 7 potions of heal wounds
 e - 6 potions of haste
 f - 4 potions of magic
 g - 4 potions of berserk rage
 l - 2 potions of invisibility
 o - a potion of might
 p - 2 potions of brilliance
 q - 4 potions of mutation
 t - a potion of degeneration {unknown}


   Skills:
 + Level 3.8 Dodging
 + Level 5.9 Stealth
 + Level 23.0 Spellcasting
 + Level 4.2 Conjurations
 + Level 2.5 Transmutations
 + Level 20.8 Earth Magic


You had 33 spell levels left.
You knew the following spells:

 Your Spells              Type           Power      Damage    Failure   Level
a - Sandblast             Erth           100%       2d20      0%          1
b - Passwall              Tmut/Erth      57%        N/A       1%          2
c - Stone Arrow           Conj/Erth      100%       3d13      1%          3
d - Lee's Rapid Deconstr  Erth           44%        3d22*     0%          5
e - Petrify               Tmut/Erth      69%        N/A       1%          4
f - Mephitic Cloud        Conj/Pois/Air  32%        N/A       1%          3
g - Fireball              Conj/Fire      18%        3d9       4%          5

Your spell library contained the following spells:

 Spells                   Type           Power      Damage    Failure   Level
 Iskenderun's Battlesphe  Conj           45%        2d10      2%          5
 Sting                    Tmut/Pois      100%       1d8       1%          1
 Poisonous Vapours        Pois/Air       52%        N/A       1%          2
 Ignite Poison            Fire/Tmut/Pois 30%        N/A       1%          3
 Olgreb's Toxic Radiance  Pois           26%        N/A       4%          4


Dungeon Overview and Level Annotations

Branches:
Dungeon (1/1)

Altars:
Ashenzari
Cheibriados
Dithmenos
Elyvilon
Fedhas
Gozag
Hepliaklqana
Kikubaaqudgha
Makhleb
Nemelex Xobeh
Okawaru
Qazlal
Ru
Sif Muna
Trog
Uskayaw
Vehumet
Wu Jian
Xom
Yredelemnul
Zin
The Shining One
Beogh
Jiyva
Lugonu


Message History

Something hits you! Something hits you. Something stings you.
You are more poisoned.
Something poisons you!
You feel better.
You feel you are being watched by something.
You feel your power leaking away. Something barely misses you.
Something hits you but does no damage. Something completely misses you.
Blink to where?
Press: ? - help, Dir - move target
As you read the scroll of blinking, it crumbles to dust.
You see here a death yak corpse.
There is a huge open gate here.
There is a huge open gate leading to the Armoury (Hard) here.
You feel you are being watched by something.
You feel your power leaking away.
You close the huge gate.
You start resting.
Something unseen opens the huge gate.
You start resting.
You feel you are being watched by something.
You feel your power leaking away.
You start resting.
Something barely misses you. Something hits you!
Something completely misses you.
You start resting.
You feel you are being watched by something.
You feel your power leaking away. Something hits you!
* * * LOW HITPOINT WARNING * * *
You feel clumsy. Something hits you!
* * * LOW HITPOINT WARNING * * *
You feel dopey.
Something stings you but does no damage.
You feel much better. Something hits you! x2
* * * LOW HITPOINT WARNING * * *
You feel clumsy.
Something stings you but does no damage.
Something hits you!!
You die...

.. ##########++########## ..
#................##..# ..
#......#..#......##..# ..
#................''..# ..
'...............@''..##########..
#......#..#......##=.†........†..
#................##..............
####'#####'[#####################
#.......##['### ############ ##
#.......##....##..+...##...### #.
#.......##.[.##...#..##......###.
#...<...##..##...##..#........##.
#.......##.[#...##...'.........##


There were no monsters in sight!

Vanquished Creatures
  A bone dragon (D)
  A merfolk avatar (D)
  A death yak (D)
  A fire crab (D)
  3 flayed ghosts (D)
  A lindwurm (D)
  A phantasmal warrior (D)
  Maurice (D)
  An orange demon (D)
  A cane toad (D)
  2 komodo dragons (D)
  A rime drake (D)
  A red devil (D)
  A guardian mummy (D)
  5 blink frogs (D)
  A flying skull (D)
  A shadow (D)
  3 redbacks (D)
  A tarantella (D)
  4 yaks (D)
  A wraith (D)
  A small abomination (D)
  A swamp drake (D)
  An orc warrior (D)
  2 sky beasts (D)
  A wolf (D)
  A gnoll sergeant (D)
  A scorpion (D)
  9 wights (D)
  An iron imp (D)
  An orc priest (D)
  2 orc wizards (D)
  2 mummies (D)
  4 gnolls (D)
  2 adders (D)
  A river rat (D)
  2 ufetubi (D)
  A worm (D)
  An orc (D)
  A hobgoblin (D)
  7 jackals (D)
  A quokka (D)
  A ball python skeleton (D)
  A ball python zombie (D)
  A bat (D)
  A frilled lizard (D)
  3 goblins (D)
  A jackal zombie (D)
  A kobold (D)
85 creatures vanquished.

Notes
Turn   | Place    | Note
-------+----------+-------------------------------------------
     0 | D        | mhtbhm the Deep Elf Earth Elementalist began the quest for
                  | the Orb.
     0 | D        | Reached XP level 1. HP: 10/10 MP: 6/6
    14 | D        | Reached XP level 2. HP: 15/15 MP: 4/8
    48 | D        | Found a bloodstained altar of Trog.
    48 | D        | Found a shimmering blue altar of Sif Muna.
    48 | D        | Found a viscous altar of Jiyva.
    48 | D        | Found a hazy altar of Hepliaklqana.
    48 | D        | Found an opulent altar of Gozag.
    49 | D        | Found a glowing golden altar of the Shining One.
    49 | D        | Found a glowing silver altar of Zin.
    49 | D        | Found a basalt altar of Yredelemnul.
    49 | D        | Found a shimmering altar of Xom.
    49 | D        | Found an ornate altar of the Wu Jian Council.
    49 | D        | Found a sacrificial altar of Ru.
    49 | D        | Found a stormy altar of Qazlal.
    49 | D        | Found an iron altar of Okawaru.
    49 | D        | Found a sparkling altar of Nemelex Xobeh.
    49 | D        | Found a burning altar of Makhleb.
    49 | D        | Found a blossoming altar of Fedhas.
    49 | D        | Found a white marble altar of Elyvilon.
    49 | D        | Found a shadowy altar of Dithmenos.
    49 | D        | Found a snail-covered altar of Cheibriados.
    51 | D        | Found a radiant altar of Vehumet.
    51 | D        | Found a corrupted altar of Lugonu.
    52 | D        | Found a hide-covered altar of Uskayaw.
    52 | D        | Found an ancient bone altar of Kikubaaqudgha.
    52 | D        | Found a broken altar of Ashenzari.
    61 | D        | Became a worshipper of Vehumet
    65 | D        | Learned a level 2 spell: Passwall
    83 | D        | Reached skill level 4 in Spellcasting
    83 | D        | Reached skill level 5 in Earth Magic
    85 | D        | Reached * piety under Vehumet
    85 | D        | Offered knowledge of Freeze by Vehumet.
   155 | D        | Reached ** piety under Vehumet
   245 | D        | Offered knowledge of Magic Dart by Vehumet.
   247 | D        | Reached XP level 3. HP: 19/19 MP: 8/11
   249 | D        | Reached skill level 5 in Spellcasting
   253 | D        | Learned a level 3 spell: Stone Arrow
   372 | D        | Reached *** piety under Vehumet
   380 | D        | Reached skill level 6 in Spellcasting
   380 | D        | Reached **** piety under Vehumet
   397 | D        | Offered knowledge of Static Discharge by Vehumet.
   470 | D        | Noticed a sky beast
   475 | D        | Killed a sky beast
   476 | D        | Reached skill level 8 in Spellcasting
   476 | D        | Reached XP level 4. HP: 24/24 MP: 4/16
   476 | D        | Reached XP level 5. HP: 28/28 MP: 4/18
   482 | D        | Learned a level 5 spell: Lee's Rapid Deconstruction
   487 | D        | Learned a level 4 spell: Petrify
   572 | D        | Offered knowledge of Mephitic Cloud by Vehumet.
   579 | D        | Learned a level 3 spell: Mephitic Cloud
   588 | D        | Offered knowledge of Hailstorm by Vehumet.
   588 | D        | Reached ***** piety under Vehumet
   601 | D        | Noticed a redback
   602 | D        | Killed a redback
   603 | D        | Reached skill level 10 in Spellcasting
   603 | D        | Reached skill level 1 in Conjurations
   603 | D        | Reached skill level 10 in Earth Magic
   603 | D        | Reached XP level 6. HP: 32/32 MP: 14/21
   647 | D        | Reached skill level 11 in Spellcasting
   648 | D        | Reached skill level 5 in Stealth
   697 | D        | Noticed a flayed ghost
   697 | D        | Noticed a yak
   697 | D        | Noticed a yak
   697 | D        | Noticed a yak
   709 | D        | Reached skill level 12 in Spellcasting
   711 | D        | Noticed an orc warrior
   712 | D        | Reached ****** piety under Vehumet
   713 | D        | Killed an orc warrior
   714 | D        | Reached XP level 7. HP: 24/36 MP: 6/25
   715 | D        | Killed a yak
   716 | D        | Reached skill level 13 in Spellcasting
   718 | D        | Killed a yak
   718 | D        | Noticed a yak
   739 | D        | Killed a yak
   739 | D        | Killed a yak
   740 | D        | Reached skill level 14 in Spellcasting
   740 | D        | Reached XP level 8. HP: 25/41 MP: 3/28
   741 | D        | Killed a flayed ghost
   742 | D        | Reached skill level 15 in Spellcasting
   742 | D        | Reached skill level 15 in Earth Magic
  1023 | D        | Noticed a rime drake
  1024 | D        | Offered knowledge of Iron Shot by Vehumet.
  1024 | D        | Noticed a phantasmal warrior
  1028 | D        | Killed a phantasmal warrior
  1029 | D        | Reached skill level 16 in Spellcasting
  1029 | D        | Reached XP level 9. HP: 45/45 MP: 18/31
  1029 | D        | Killed a rime drake
  1117 | D        | Noticed a komodo dragon
  1119 | D        | Reached skill level 17 in Spellcasting
  1120 | D        | Killed a komodo dragon
  1126 | D        | Noticed a lindwurm
  1128 | D        | Killed a lindwurm
  1240 | D        | Noticed a guardian mummy
  1240 | D        | Noticed a cane toad
  1241 | D        | Killed a cane toad
  1241 | D        | Offered knowledge of Spellforged Servitor by Vehumet.
  1242 | D        | Reached skill level 18 in Spellcasting
  1243 | D        | Reached XP level 10. HP: 50/50 MP: 26/34
  1305 | D        | Noticed Maurice
  1310 | D        | Killed Maurice
  1311 | D        | Reached skill level 19 in Spellcasting
  1522 | D        | Offered knowledge of Yara's Violent Unravelling by Vehumet.
  1554 | D        | Noticed a fire crab
  1555 | D        | Noticed a flayed ghost
  1560 | D        | Killed a fire crab
  1561 | D        | Killed a flayed ghost
  1562 | D        | Reached skill level 20 in Spellcasting
  1568 | D        | Noticed a merfolk avatar
  1581 | D        | Killed a merfolk avatar
  1906 | D        | Noticed a flayed ghost
  1908 | D        | Killed a flayed ghost
  1909 | D        | Reached skill level 21 in Spellcasting
  2046 | D        | Noticed a bone dragon
  2048 | D        | Noticed an orange demon
  2049 | D        | Reached XP level 11. HP: 54/54 MP: 29/38
  2049 | D        | Offered knowledge of Fireball by Vehumet.
  2052 | D        | Killed a bone dragon
  2053 | D        | Reached skill level 22 in Spellcasting
  2213 | D        | Got the +7 battleaxe "Kigho" {flame, Drain rC++ Dex+5}
  2228 | D        | Learned a level 5 spell: Fireball
  2283 | D        | Noticed a death yak
  2288 | D        | Killed a death yak
  2288 | D        | Offered knowledge of Iskenderun's Battlesphere by Vehumet.
  2289 | D        | Reached skill level 23 in Spellcasting
  2375 | D        | Mangled by a shadow wraith

Illustrated notes

Levels and vault maps discovered:
D:        pitsprint [storerooms_1, entrance_room_1, metal_vault_7, armoury_3,
          mini_pit_1, grid_room_1, main_hall_1, silver_pit, the_coven_3,
          the_vestibule_1, steel_vault_1, golden_pit, hallway_of_sentries,
          crystal_vault_1, iron_vault_1, final_vault]

Skill      XL: |  1  2  3  4  5  6  7  8  9 10 11 |
---------------+----------------------------------+-----
Earth Magic    | 4 6 8 10 12 13 15 17 19 20 | 20.8
Dodging        | 3 |  3.8
Stealth        | 3 4 5 |  5.9
Spellcasting   | 4 8 10 12 14 16 18 21 23 | 23.0
Conjurations   | 1 2 3 4 |  4.2
Transmutations | 2 |  2.5

Action                   |  1- 3 |  4- 6 |  7- 9 | 10-12 || total
-------------------------+-------+-------+-------+-------++-------
 Cast: Sandblast         |    23 |     1 |     3 |     8 ||    35
       Stone Arrow       |     7 |     1 |     1 |       ||     9
       Lee's Rapid Decon |       |     7 |    15 |    32 ||    54
       Petrify           |       |       |       |     2 ||     2
  Use: Potion            |       |       |       |     2 ||     2
       Scroll            |       |       |       |     1 ||     1
Armor: Robe              |     2 |       |     1 |     9 ||    12
Dodge: Dodged            |     6 |       |     1 |    11 ||    18

Table legend: (Time is in decaauts)
 A = Elapsed time spent in this place.
 B = Non-inter-level travel time spent in this place.
 C = Inter-level travel time spent in this place.
 D = Time resting spent in this place.
 E = Time spent auto-exploring this place.
 F = Levels seen in this place.
 G = Mean time per level.
                   A        B        C        D        E       F      G
               +--------+--------+--------+--------+--------+-----+--------+
         Total |   2372 |   2372 |      0 |   1564 |     39 |   1 | 2372.0 |
       Dungeon |   2372 |   2372 |      0 |   1564 |     39 |   1 | 2372.0 |
               +--------+--------+--------+--------+--------+-----+--------+

Top non-repeatable levels by time:
       D: 2372 daAuts
